 Dungeon Crawl Stone Soup version 0.30-a0-368-g86fb4627a9 (webtiles) character file.

Game seed: 4640417312952046747

78172 lunkers the Spry (level 16, -9/165 HPs)
             Began as a Meteoran Earth Elementalist on Nov 19, 2022.
             Was the Champion of Ashenzari.
             Killed by the air
             ... invoked by a spriggan air mage
              (20 damage)
             ... on level 4 of the Swamp.
             The game lasted 00:36:24 (8405 turns).

lunkers the Spry (Meteoran Earth Elementalist)      Turns: 8405, Time: 00:36:25

Health: -9/165     AC: 16    Str: 11    XL:     16   Next: 55%
Magic:  11/40      EV: 30    Int: 25    God:    Ashenzari [******]
Gold:   1047       SH:  9    Dex: 22    Spells: 23/36 levels left

rFire   + + .      SeeInvis +    n - +11 whip of Cremastomancy {venom, rElec rPois Int+2, Evo, Bglg} (curse)
rCold   . . .      Faith    .    C - +2 buckler of the Unveiling Planets {Alch, Bglg} (curse)
rNeg    . . .      Spirit   .    a - +0 robe "Behold Eternity" {Range, Fort} (curse)
rPois   +          Reflect  .    q - +1 helmet of the Ruined Dismay {Bglg, Fort} (curse)
rElec   +          Harm     .    g - +2 cloak of the Wild Blue Yonder {Melee, Fort} (curse)
rCorr   .          Rampage  .    j - +2 pair of gloves "Profound Desperation" {Evo, Cun} (curse)
Will    ++...      Clarity  +    x - +1 pair of boots "Tethered Ethics" {rF+ MP+9 Dex+4, Self, Evo} (curse)
Stlth   +.........               m - amulet "Eternal With Me" {Acrobat, Range, Self} (curse)
HPRegen 0.47/turn                M - ring of Toth-Mos's Legacy {Fly rElec AC+4, Range, Fort} (curse)
MPRegen 0.27/turn                H - ring "Clairvoyant Seer" {+Blink rElec rF+ Dex+6, Cun, Bglg} (curse)

@: lethally poisoned (-9 -> -11), flying, glowing
A: sense surroundings 2, otherworldly, glowing, explore regen, clumsy 1, weak 1
a: Renounce Religion, Evoke Blink, Shatter the Chains


You were on level 4 of the Swamp.
You worshipped Ashenzari.
Ashenzari was exalted by your worship.
You visited 5 branches of the dungeon, and saw 23 of its levels.

You collected 1303 gold pieces.
You spent 256 gold pieces at shops.

Inventory:

Hand Weapons
 k - a +1 dagger of venom
 n - the cursed +11 whip of Cremastomancy (weapon) {venom, rElec rPois Int+2, Evo, Bglg}
   (You found it on level 2 of the Dungeon)

   It poisons the flesh of those it strikes.
   Int:       It affects your intelligence (+2).
   rElec:     It insulates you from electricity.
   rPois:     It protects you from poison.
   It has a curse which improves the following skills: Evocations: Evocations.
   Beguiling: Conjurations, Hexes and Translocations.
 v - a +1 vorpal morningstar
 y - a +5 scimitar
 G - a +4 morningstar of freezing
 J - a +5 flail
Missiles
 L - 5 throwing nets
 T - 3 curare-tipped darts
Armour
 a - the cursed +0 robe "Behold Eternity" (worn) {Range, Fort}

   It has a curse which improves the following skills: Ranged Combat: Ranged
   Weapons and Throwing.
   Fortitude: Armour and Shields.
 g - the cursed +2 cloak of the Wild Blue Yonder (worn) {Melee, Fort}
   (You took it off Nikola on level 4 of the Swamp)

   It has a curse which improves the following skills: Melee Combat: Short
   Blades, Long Blades, Axes, Maces & Flails, Polearms, Staves and Unarmed
   Combat.
   Fortitude: Armour and Shields.
 h - a +0 helmet
 j - the cursed +2 pair of gloves "Profound Desperation" (worn) {Evo, Cun}
   (You found it on level 4 of the Dungeon)

   It has a curse which improves the following skills: Evocations: Evocations.
   Cunning:   Dodging and Stealth.
 l - a +0 pair of boots
 q - the cursed +1 helmet of the Ruined Dismay (worn) {Bglg, Fort}
   (You took it off Robin on level 3 of the Dungeon)

   It has a curse which improves the following skills: Beguiling: Conjurations,
   Hexes and Translocations.
   Fortitude: Armour and Shields.
 x - the cursed +1 pair of boots "Tethered Ethics" (worn) {rF+ MP+9 Dex+4, Self, Evo}
   (You acquired it on level 7 of the Dungeon)

   Dex:       It affects your dexterity (+4).
   rF:        It protects you from fire.
   MP:        It affects your magic capacity (+9).
   It has a curse which improves the following skills: Introspection: Fighting
   and Spellcasting.
   Evocations: Evocations.
 C - the cursed +2 buckler of the Unveiling Planets (worn) {Alch, Bglg}
   (You bought it in a shop on level 6 of the Dungeon)

   It has a curse which improves the following skills: Alchemy: Poison Magic and
   Transmutations.
   Beguiling: Conjurations, Hexes and Translocations.
 K - +0 steam dragon scales
 O - a +0 troll leather armour
 U - +0 fire dragon scales
Magical Staves
 c - a staff of death
Jewellery
 m - the cursed amulet "Eternal With Me" (around neck) {Acrobat, Range, Self}
   (You found it on level 2 of the Dungeon)

   [amulet of the acrobat]

   It increases your evasion while moving and waiting.
   It has a curse which improves the following skills: Ranged Combat: Ranged
   Weapons and Throwing.
   Introspection: Fighting and Spellcasting.
 r - a +6 ring of intelligence
 H - the cursed ring "Clairvoyant Seer" (right hand) {+Blink rElec rF+ Dex+6, Cun, Bglg}
   (You found it on level 8 of the Dungeon)

   [ring of dexterity]

   Dex:       It affects your dexterity (+6).
   rF:        It protects you from fire.
   rElec:     It insulates you from electricity.
   +Blink:    It lets you blink.
   It has a curse which improves the following skills: Cunning: Dodging and
   Stealth.
   Beguiling: Conjurations, Hexes and Translocations.
 M - the cursed ring of Toth-Mos's Legacy (left hand) {Fly rElec AC+4, Range, Fort}
   (You acquired it on level 10 of the Dungeon)

   [ring of protection]

   AC:        It affects your AC (+4).
   rElec:     It insulates you from electricity.
   Fly:       It grants you flight.
   It has a curse which improves the following skills: Ranged Combat: Ranged
   Weapons and Throwing.
   Fortitude: Armour and Shields.
 Q - a ring of ice
Wands
 t - a wand of charming (10)
 w - a wand of flame (23)
 Y - a wand of roots (35)
Scrolls
 f - 7 scrolls of vulnerability
 z - 2 scrolls of immolation
 D - 2 scrolls of silence
 F - 4 scrolls of enchant armour
 I - a scroll of enchant weapon
 N - 3 scrolls of magic mapping
 P - 3 scrolls of poison
 R - 2 scrolls of butterflies
 V - a scroll of amnesia
Potions
 b - a potion of magic
 d - a potion of resistance
 e - 2 potions of attraction
 i - 3 potions of mutation
 o - 4 potions of curing
 s - a potion of cancellation
 u - a potion of ambrosia
 A - 5 potions of brilliance
 B - a potion of might
 E - a potion of haste


   Skills:
 + Level 17.0(20.7) Fighting
 - Level 12.0(14.5) Maces & Flails
 + Level 18.7(22.3) Dodging
 - Level 1.4(3.9) Stealth
 - Level 4.0(9.3) Shields
 - Level 6.6(10.5) Spellcasting
 - Level 8.0(14.1) Conjurations
 - Level 1.2(2.8) Transmutations
 - Level 5.0 Air Magic
 - Level 9.5 Earth Magic
 - Level 5.2(10.0) Evocations


You had 23 spell levels left.
You knew the following spells:

 Your Spells              Type           Power      Damage    Failure   Level
b - Passwall              Tmut/Erth      36%        N/A       1%          2
c - Stone Arrow           Conj/Erth      100%       3d13      1%          3
d - Petrify               Tmut/Erth      44%        N/A       4%          4
e - Swiftness             Air            38%        N/A       2%          3
p - Sandblast             Erth           100%       2d20      1%          1

Your spell library contained the following spells:

 Spells                   Type           Power      Damage    Failure   Level
 Kiss of Death            Conj/Necr      100%       2d13      1%          1
 Magic Dart               Conj           100%       1d8       1%          1
 Dazzling Flash           Conj/Hex       100%       N/A       1%          3
 Hailstorm                Conj/Ice       48%        3d11      1%          3
 Ensorcelled Hibernation  Hex/Ice        30%        N/A       7%          2
 Ice Form                 Ice/Tmut       20%        N/A       32%         4
 Silence                  Hex/Air        14%        N/A       43%         5
 Agony                    Necr           13%        N/A       85%         5
 Simulacrum               Ice/Necr       6%         N/A       100%        6


Dungeon Overview and Level Annotations

Branches:
Dungeon (11/15) Zot: 2218  Temple (1/1) D:4 Zot: 476    Lair (5/5) D:10 Zot: 1292
  Swamp (4/4) Lair:3 Zot: 1474   Slime (0/5) Lair:4          Orc (2/2) D:10 Zot: 293
  Snake: Lair:2-3    Spider: Lair:2-3       Elf: Orc:2

Altars:
Ashenzari
Dithmenos
Elyvilon
Fedhas
Gozag
Hepliaklqana
Kikubaaqudgha
Makhleb
Nemelex Xobeh
Okawaru
Qazlal
Ru
Sif Muna
Trog
Uskayaw
Vehumet
Xom
Yredelemnul
Zin
The Shining One

Shops:
D:3 *   D:6 *   Orc:2 (=*!*

Annotations:
D:9 2 runed translucent doors
Lair:3 1 runed translucent door, mcwallace's ghost, journeyman TrTm
Swamp:4 1 runed translucent door, purpskrrrp's ghost, adept TrWr


Innate Abilities, Weirdness & Mutations

You passively map the area around you.
You are easily found by Zot.
You glow in the dark.
You regain HP and MP as you explore.
You are clumsy. (Dex -2)
You are weak. (Str -2)


Message History

The fenstrider witch is almost dead.
You feel very sick.
The fenstrider witch gestures at you while chanting.
Your body is wracked with pain!
* * * LOW HITPOINT WARNING * * *
Unknown command.
Aiming: Stone Arrow (safe; 1% risk of failure)
Press: ? - help, Q - select action, (/) - cycle Shift-Dir - straight line, f/p - spriggan air mage
Aim: a spriggan air mage, wearing a +0 robe (moderately wounded, repelling missiles, 16% to hit)
The stone arrow hits the fenstrider witch!
You kill the fenstrider witch!
You hear a splash. x2
A fenstrider witch bone magically twists into a wand of roots (12).
You feel sick.
The spriggan air mage waves its arms in wide circles.
The air twists around and strikes you!
* * * LOW HITPOINT WARNING * * *
Your base Fighting skill increases to level 17!
Unknown command.
Aiming: Stone Arrow (safe; 1% risk of failure)
Press: ? - help, Q - select action, (/) - cycle Shift-Dir - straight line, f/p - spriggan air mage
Aim: a spriggan air mage, wearing a +0 robe (moderately wounded, repelling missiles, 16% to hit)
The spriggan air mage repels the stone arrow!
You feel sick.
The spriggan air mage gestures at you while chanting.
The bolt of lightning hits you. You resist.
* * * LOW HITPOINT WARNING * * *
The bolt of lightning misses you.
You hear a shout! x2; You hear a roar!
You hear a chilling moan.
You hear a shout!
Unknown command.
Aiming: Stone Arrow (safe; 1% risk of failure)
Press: ? - help, Q - select action, (/) - cycle Shift-Dir - straight line, f/p - spriggan air mage
Aim: a spriggan air mage, wearing a +0 robe (moderately wounded, repelling missiles, 16% to hit)
The stone arrow misses the spriggan air mage.
* * * LOW MAGIC WARNING * * *
You feel sick.
The spriggan air mage waves its arms in wide circles.
The air twists around and strikes you!!
You die...

#♣~§~.##~.##♣##.~##~~~~♣#....~...
#.~~~.♣#§.~♣#♣.~~#♣.~~..#.~.~..~.
).))~~~##♣~~..~♣##.~~~~~~#~.~~~..
~~~♣§...##)~)~.##.~...♣.~#..~.~~~
~~~.~.~##♣.~..~♣##..§~~~.#~~~....
~~~~♣####♣~~8~~♣####♣~~.~#..~~.~.
.~♣###~~#~~~♣~~~#§~###♣~.#~.~.~†.
♣♣##..§~~#♣♣♣♣♣#~~~..##♣♣#.......
########~#* * #@##### ##.......
#♣~~f~~.~#~ .~#~/i~.~~♣#~.~..†.~
#♣~§~i♣♣♣#∩~..∩#♣♣♣.~~.♣#(..~~~..
##♣~.♣[.~~#, ~~ *~~♣##.♣.....♣
~#♣.~.{~~♣# {,* ~~, .♣#.♣....~.♣
.##♣...~§♣*{{ ** ~ ~~ ##....)^...
♣♣##♣~~..♣**∆ * ,~ ##P~........
♣~♣##♣~§~. * * ~~ *#.PPPPPP...~
)♣~♣###♣~.~* , *###♣..~~.~~~...


You could see a spriggan air mage (repels missiles).

Vanquished Creatures
  Rupert (Lair:3)
  3 thorn hunters
  3 fenstrider witches (Swamp:4)
  4 eleionomae (Swamp:4)
  Nessos (Lair:3)
  A bunyip (Swamp:4)
  A green death (Swamp:4)
  A fire dragon (Lair:5)
  Harold (D:9)
  3 hydras
  Fannar (Lair:1)
  3 ogre magi (Swamp:4)
  A ghost crab (Lair:3)
  A boulder beetle (D:8)
  4 alligators
  8 death yaks (Lair:3)
  A two-headed ogre (D:9)
  A soul eater (Swamp:4)
  3 spriggans
  3 orc high priests (Orc:2)
  Sonja (Lair:2)
  A fire crab (Lair:5)
  2 goliath frogs
  A death drake (Swamp:4)
  2 swamp dragons (Swamp:4)
  3 spriggan druids
  3 bog bodies
  4 orc knights (Orc:2)
  2 deep elf zephyrmancers (Swamp:4)
  6 orc sorcerers
  3 will-o-the-wisps
  3 black mambas
  2 oklob plants (Lair:4)
  3 elephants (Lair:5)
  2 molten gargoyles (Lair:5)
  4 cane toads
  Maggie (D:9)
  17 komodo dragons
  A tengu conjurer (D:8)
  4 trolls
  3 tyrant leeches
  A polar bear (Lair:4)
  6 hornets
  11 blink frogs
  Grinder (D:3)
  2 slime creatures (Lair:4)
  9 dream sheep
  3 wraiths
  4 wyverns
  2 basilisks (Lair:5)
  30 yaks
  Grum (D:7)
  3 steam dragons (Lair:5)
  2 vampire mosquitoes (Swamp:2)
  2 neqoxecs (Swamp:4)
  Menkaure (D:6)
  A chaos spawn (Swamp:4)
  2 wargs (Orc:1)
  4 swamp worms
  8 water moccasins
  Duvessa (D:6)
  4 hell hounds (Lair:5)
  3 black bears
  5 ice beasts
  18 orc warriors
  2 sky beasts
  9 wolves
  5 ogres
  4 centaurs
  A phantom (D:5)
  A kobold brigand (D:9)
  16 bullfrogs
  A gnoll sergeant (D:10)
  6 necrophages
  A scorpion (D:4)
  9 wights
  Dowan (D:6)
  8 killer bees
  2 electric eels
  4 howler monkeys
  A gnoll bouda (D:10)
  4 lava snakes (Lair:5)
  11 orc priests
  2 hounds (D:5)
  3 jellies
  An iguana (D:5)
  19 orc wizards
  Robin (D:3)
  5 gnolls
  6 adders
  3 white imps (D:6)
  2 ufetubi (D:5)
  A worm (D:3)
  A dart slug (D:5)
  50 orcs
  5 endoplasms
  4 giant cockroaches
  16 goblins
  10 hobgoblins
  10 kobolds
  2 quokkas
  4 ball pythons
  2 bats
  4 frilled lizards
  4 rats
478 creatures vanquished.

Vanquished Creatures (collateral kills)
  Nikola (Swamp:4)
1 creature vanquished.

Vanquished Creatures (others)
  An eleionoma (Swamp:4)
  An ogre mage (Swamp:4)
  A hydra (Swamp:4)
  A goliath frog (Swamp:4)
  A hellwing (Swamp:4)
  A bloated husk (Swamp:2)
  A swamp drake (Swamp:1)
  2 foxfires (Lair:3)
  29 fungi
  35 plants
73 creatures vanquished.

Grand Total: 552 creatures vanquished

Notes
Turn   | Place    | Note
-------+----------+-------------------------------------------
     0 | D:1      | lunkers the Meteoran Earth Elementalist began the quest for
                  | the Orb.
     0 | D:1      | Reached XP level 1. HP: 14/14 MP: 5/5
    28 | D:1      | Reached XP level 2. HP: 20/20 MP: 1/6
    91 | D:1      | Learned a level 2 spell: Passwall
   157 | D:1      | Reached XP level 3. HP: 26/26 MP: 6/8
   630 | D:2      | Identified the +11 whip "Lacertilian's Doom" {venom, rElec
                  | rPois Int+2}
   730 | D:3      | Reached XP level 4. HP: 33/33 MP: 7/10
   739 | D:3      | Learned a level 3 spell: Stone Arrow
   757 | D:3      | Found Ycolok's General Store.
   767 | D:3      | Reached skill level 5 in Earth Magic
   823 | D:3      | Reached skill level 1 in Conjurations
   853 | D:3      | Noticed Robin
   862 | D:3      | Reached XP level 5. HP: 35/38 MP: 9/11
   882 | D:3      | Killed Robin
   925 | D:3      | Reached skill level 1 in Maces & Flails
  1004 | D:3      | Noticed Grinder
  1007 | D:3      | Paralysed by Grinder for 2 turns
  1009 | D:3      | Killed Grinder
  1010 | D:3      | Reached XP level 6. HP: 30/45 MP: 2/13
  1168 | D:3      | Reached XP level 7. HP: 50/50 MP: 11/14
  1510 | D:4      | Reached XP level 8. HP: 42/57 MP: 3/16
  1511 | D:4      | Found a bloodstained altar of Trog.
  1575 | D:4      | Found a staircase to the Ecumenical Temple.
  1586 | Temple   | Entered the Ecumenical Temple
  1754 | D:4      | Found a shimmering blue altar of Sif Muna.
  1776 | D:4      | Got Sif Muna's Handbook of Outbursts
  1824 | D:5      | Entered Level 5 of the Dungeon
  1845 | D:5      | Reached skill level 5 in Spellcasting
  1863 | D:5      | Reached skill level 5 in Conjurations
  2016 | D:5      | Found a hide-covered altar of Uskayaw.
  2017 | D:5      | Found a hazy altar of Hepliaklqana.
  2020 | D:5      | Found a shadowy altar of Dithmenos.
  2022 | D:5      | Found a shimmering altar of Xom.
  2022 | D:5      | Found a stormy altar of Qazlal.
  2022 | D:5      | Found a radiant altar of Vehumet.
  2023 | D:5      | Found an opulent altar of Gozag.
  2024 | D:5      | Found a broken altar of Ashenzari.
  2025 | D:5      | Found a glowing silver altar of Zin.
  2026 | D:5      | Found a basalt altar of Yredelemnul.
  2031 | D:5      | Became a worshipper of Ashenzari the Shackled
  2136 | D:6      | Gained mutation: You passively map the area around you.
                  | [Meteoran growth]
  2136 | D:6      | Reached XP level 9. HP: 63/63 MP: 14/18
  2141 | D:6      | Learned a level 4 spell: Petrify
  2156 | D:6      | Noticed Menkaure
  2160 | D:6      | Reached skill level 1 in Fighting
  2161 | D:6      | Killed Menkaure
  2162 | D:6      | Reached skill level 3 in Dodging
  2216 | D:6      | Reached skill level 5 in Maces & Flails
  2311 | D:6      | Found Sateec's Assorted Antiques.
  2321 | D:6      | Bought a runed buckler for 187 gold pieces
  2327 | D:6      | Noticed Duvessa
  2328 | D:6      | Noticed Dowan
  2332 | D:6      | Killed Duvessa
  2335 | D:6      | Killed Dowan
  2348 | D:7      | Noticed a komodo dragon
  2352 | D:7      | Killed a komodo dragon
  2353 | D:7      | Reached skill level 1 in Shields
  2354 | D:7      | Identified a scroll of acquirement
  2354 | D:7      | Acquired the +1 pair of boots "Xecicaz" {rF+ MP+9 Dex+4}
  2427 | D:7      | Reached skill level 4 in Dodging
  2427 | D:7      | Reached XP level 10. HP: 74/74 MP: 20/20
  2721 | D:8      | Noticed Grum
  2730 | D:7      | Killed Grum
  2750 | D:8      | Reached skill level 5 in Dodging
  2938 | D:8      | Reached * piety under Ashenzari
  2940 | D:8      | Noticed a boulder beetle
  2947 | D:8      | Killed a boulder beetle
  2948 | D:8      | Reached skill level 5 in Fighting
  2948 | D:8      | Reached skill level 6 in Dodging
  2948 | D:8      | Reached XP level 11. HP: 83/86 MP: 12/22
  2955 | D:8      | Identified the ring of Raeteegh {+Blink rElec rF+ Dex+6}
  3007 | D:8      | Reached skill level 7 in Dodging
  3302 | D:8      | Reached ** piety under Ashenzari
  3500 | D:8      | Reached skill level 8 in Dodging
  3647 | D:9      | Reached skill level 9 in Dodging
  3770 | D:9      | Noticed Maggie
  3776 | D:9      | Killed Maggie
  3835 | D:9      | Noticed a two-headed ogre
  3847 | D:9      | Killed a two-headed ogre
  4011 | D:9      | Reached *** piety under Ashenzari
  4084 | D:9      | Noticed Harold
  4094 | D:9      | Killed Harold
  4095 | D:9      | Reached skill level 10 in Dodging
  4095 | D:9      | Reached XP level 12. HP: 107/107 MP: 20/25
  4140 | D:9      | Found a large runed translucent door.
  4142 | D:9      | Found a large runed translucent door.
  4167 | D:9      | Reached skill level 1 in Evocations
  4169 | D:10     | Entered Level 10 of the Dungeon
  4186 | D:10     | Acquired the ring of Gluttony {Fly rElec AC+4}
  4195 | D:10     | Found a staircase to the Orcish Mines.
  4276 | D:10     | Reached **** piety under Ashenzari
  4286 | Orc:1    | Entered Level 1 of the Orcish Mines
  4395 | Orc:2    | Entered Level 2 of the Orcish Mines
  4592 | Orc:2    | Found Uschaeh's Assorted Antiques.
  4678 | Orc:2    | Noticed an orc high priest
  4678 | Orc:2    | Noticed an orc high priest
  4678 | Orc:2    | Noticed an orc high priest
  4701 | Orc:2    | Reached skill level 11 in Dodging
  4704 | Orc:2    | Noticed a sun demon
  4873 | Orc:2    | Killed an orc high priest
  4885 | Orc:2    | Killed an orc high priest
  4907 | Orc:2    | Noticed an orc knight
  4916 | Orc:2    | Killed an orc knight
  4917 | Orc:2    | Reached skill level 10 in Fighting
  4917 | Orc:2    | Reached skill level 10 in Maces & Flails
  4961 | Orc:2    | Noticed an orc knight
  4961 | Orc:2    | Noticed an orc knight
  4968 | Orc:2    | Noticed an orc knight
  4970 | Orc:2    | Killed an orc knight
  4971 | Orc:2    | Reached skill level 5 in Evocations
  4972 | Orc:2    | Gained mutation: You are clumsy. (Dex -2) [a neqoxec]
  4975 | Orc:2    | Reached XP level 13. HP: 118/118 MP: 3/26
  5078 | Orc:2    | Learned a level 3 spell: Swiftness
  5085 | Orc:2    | Gained mutation: You are weak. (Str -2) [a neqoxec]
  5093 | Orc:2    | Reached skill level 1 in Air Magic
  5125 | Orc:2    | Reached skill level 12 in Dodging
  5169 | Orc:2    | Found Kosoty's Distillery.
  5169 | Orc:2    | Found Ossen's Assorted Antiques.
  5170 | Orc:2    | Found Niehaagy's Jewellery Boutique.
  5170 | Orc:2    | Found Qaottegg's Antique Weapon Boutique.
  5189 | Orc:2    | Bought 3 scrolls labelled PIENKUG XIUTZ for 69 gold pieces
  5380 | D:10     | Reached ***** piety under Ashenzari
  5409 | D:10     | Found a staircase to the Lair.
  5434 | Lair:1   | Entered Level 1 of the Lair of Beasts
  5497 | Lair:1   | Reached skill level 5 in Air Magic
  5541 | Lair:1   | Noticed Fannar
  5546 | Lair:1   | Killed Fannar
  5798 | Lair:2   | Noticed an eight-headed hydra
  5885 | Lair:2   | Killed an eight-headed hydra
  5886 | Lair:2   | Reached skill level 13 in Dodging
  5964 | Lair:2   | Noticed Sonja
  5969 | Lair:2   | Killed Sonja
  5990 | Lair:4   | Noticed a death yak
  5990 | Lair:4   | Noticed a death yak
  5992 | Lair:4   | Noticed a death yak
  5992 | Lair:4   | Noticed a death yak
  6000 | Lair:4   | Noticed a death yak
  6015 | Lair:3   | Killed a death yak
  6029 | Lair:3   | Killed a death yak
  6030 | Lair:3   | Reached XP level 14. HP: 97/135 MP: 29/29
  6085 | Lair:5   | Entered Level 5 of the Lair of Beasts
  6215 | Lair:5   | Reached skill level 14 in Dodging
  6344 | Lair:5   | Noticed a fire dragon
  6345 | Lair:5   | Found a large runed translucent door.
  6345 | Lair:5   | Found a large runed translucent door.
  6525 | Lair:5   | Killed a fire dragon
  6616 | Lair:5   | Reached skill level 15 in Dodging
  6850 | Lair:4   | Found a blossoming altar of Fedhas.
  6924 | Lair:4   | Found a staircase to the Slime Pits.
  7054 | Lair:3   | Reached XP level 15. HP: 147/147 MP: 30/30
  7169 | Lair:3   | Noticed Rupert
  7172 | Lair:3   | Noticed Nessos
  7179 | Lair:3   | Killed Rupert
  7185 | Lair:3   | Killed Nessos
  7200 | Lair:3   | Found a runed translucent door.
  7215 | Lair:3   | Reached skill level 16 in Dodging
  7275 | Lair:3   | Noticed mcwallace's ghost (journeyman TrTm)
  7348 | Lair:3   | Found a staircase to the Swamp.
  7357 | Swamp:1  | Entered Level 1 of the Swamp
  7478 | Swamp:2  | Noticed a thorn hunter
  7487 | Swamp:2  | Killed a thorn hunter
  7488 | Swamp:2  | Reached skill level 15 in Fighting
  7623 | Swamp:4  | Entered Level 4 of the Swamp
  7684 | Swamp:4  | Found a runed translucent door.
  7686 | Swamp:4  | Noticed purpskrrrp's ghost (adept TrWr)
  7687 | Swamp:4  | Noticed a tentacled monstrosity
  7761 | Swamp:4  | Reached skill level 17 in Dodging
  7996 | Swamp:4  | Noticed a fenstrider witch
  8001 | Swamp:4  | Killed a fenstrider witch
  8002 | Swamp:4  | Reached XP level 16. HP: 161/161 MP: 9/31
  8038 | Swamp:4  | Noticed a fenstrider witch
  8039 | Swamp:4  | Paralysed by a fenstrider witch for 3 turns
  8046 | Swamp:4  | Killed a fenstrider witch
  8049 | Swamp:4  | HP: 7/161 [spriggan air mage/the air (21)]
  8079 | Swamp:4  | Noticed a thorn hunter
  8080 | Swamp:4  | Noticed Nikola
  8082 | Swamp:4  | Reached skill level 18 in Dodging
  8225 | Swamp:4  | Killed a thorn hunter
  8271 | Swamp:4  | Killed Nikola
  8281 | Swamp:4  | Noticed a thorn hunter
  8291 | Swamp:4  | Killed a thorn hunter
  8340 | Swamp:4  | Reached ****** piety under Ashenzari
  8391 | Swamp:4  | Noticed a fenstrider witch
  8396 | Swamp:4  | Paralysed by a fenstrider witch for 4 turns
  8403 | Swamp:4  | Killed a fenstrider witch
  8405 | Swamp:4  | Killed from afar by a spriggan air mage

Illustrated notes

Levels and vault maps discovered:
D:1:      dpeg_arrival_round_b, layout_basic
D:2:      layout_basic, minmay_pentomino_t2
D:3:      layout_basic, serial_shops, nicolae_shop_advertising_works
          [nicolae_subvault_shop_adworks], nicolae_shop_stone, shop, uniq_robin,
          uniq_grinder
D:4:      layout_gridville, nzn_overflow_gifts_of_might_and_magic,
          lemuel_temple_firewalk_b
D:5:      layout_basic, minitemple, st_stairs_11
D:6:      lemuel_slime, layout_rooms, serial_shops, shop, serial_park_tiny_2,
          uniq_duvessa, uniq_menkaure
D:7:      layout_basic, uniq_joseph
D:8:      cheibrodos_ideogram_h, layout_loops_corners, uniq_grum
D:9:      layout_irregular_city, jmf_multi_god_temple2, uniq_maggie, uniq_harold
D:10:     layout_irregular_city, due_lair_maze_entry_diamond, orc_0_dummy,
          dreamdust_gnoll_shepherd
D:11:     cheibrodos_histonic, layout_stronghold, minmay_misc_feat_chi,
          grunt_ogre_cave, minmay_mirror_moons_of_madness
Temple:   hellmonk_temple_two_chambers
Lair:1:   layout_loops_ring, gammafunk_ghost_hydra_chop, st_stairs_13,
          grunt_megastairs_5, serial_bayou_shore_b, serial_bayou_shore_a,
          uniq_fannar
Lair:2:   layout_misc_corridors, spider_nest_entry_web_field, uniq_sonja
Lair:3:   layout_chaotic_city, minmay_swamp_entry_wisps, gammafunk_ghost_grave,
          beast_lair_carwin_3, uniq_nessos, uniq_rupert
Lair:4:   layout_long_grid, minmay_slime_entry_pillars, hangedman_tree_tricks,
          infiniplex_staircase_pool
Lair:5:   cheibrodos_lair_end_hotspot, layout_regular_city
Swamp:1:  layout_basic_swamp, hangedman_swamp_ruin_wall,
          infiniplex_staircase_pool_2
Swamp:2:  nicolae_swamp_ascending_descending_big, layout_basic_swamp,
          serial_swamp_ruin, evilmike_swamp_ruin_house_2,
          evilmike_swamp_ruin_house_1, evilmike_swamp_ruin_house_3, worms_lemuel
Swamp:3:  nzn_winding_woodlands_medium [nzn_winding_woodlands_5x5_cross,
          nzn_winding_woodlands_5x15_sawtooth, nzn_winding_woodlands_5x5_three,
          nzn_winding_woodlands_5x5_open_star,
          nzn_winding_woodlands_center_lodge,
          nzn_winding_woodlands_5x5_closed_star,
          nzn_winding_woodlands_5x5_checkerboard,
          nzn_winding_woodlands_5x15_garden, nzn_winding_woodlands_hourglass],
          layout_basic_swamp, evilmike_swamp_ruin_rubble_1
Swamp:4:  nzn_swamp_witches_coven, layout_basic_swamp,
          ebering_ghost_inner_flame, uniq_nikola
Orc:1:    layout_caves, mines1_david
Orc:2:    st_orc_elflike, layout_diamond_mine, basic_altar, serial_shops,
          shop_fountains, mines2_david

Skill      XL: |  1  2  3  4  5  6  7  8  9 10 11 12 13 14 15 16 |
---------------+-------------------------------------------------+-----
Earth Magic    | 4 5 6 7 8 9 |  9.5
Spellcasting   | 3 4 5 6 |  6.6
Conjurations   | 1 3 4 6 7 8 |  8.0
Maces & Flails | 2 3 4 5 8 10 11 12 | 12.0
Fighting       | 2 5 8 10 12 14 16 17 | 17.0
Dodging        | 4 6 10 11 13 15 17 18 | 18.7
Shields        | 1 4 |  4.0
Evocations     | 5 |  5.2
Air Magic      | 5 |  5.0
Stealth        | |  1.4
Transmutations | |  1.2

Action                   |  1- 3 |  4- 6 |  7- 9 | 10-12 | 13-15 | 16-18 || total
-------------------------+-------+-------+-------+-------+-------+-------++-------
Melee: Whip              |       |    25 |    56 |   330 |   779 |    43 ||  1233
 Cast: Sandblast         |    35 |    26 |    78 |    19 |       |     2 ||   160
       Stone Arrow       |       |     3 |    16 |   140 |   241 |    83 ||   483
       Petrify           |       |       |       |     1 |       |       ||     1
       Passwall          |       |       |       |     3 |       |       ||     3
Invok: Curse Item        |       |       |     1 |     6 |     2 |     1 ||    10
Evoke: Wand              |       |       |       |       |     3 |    15 ||    18
  Use: Scroll            |       |       |    15 |     3 |     1 |     4 ||    23
       Potion            |       |       |       |       |       |     2 ||     2
 Stab: Invisible         |       |       |       |       |     1 |       ||     1
Armor: Robe              |     3 |    11 |    28 |    63 |    77 |    17 ||   199
Dodge: Dodged            |     7 |    22 |    58 |   172 |   465 |    95 ||   819
Block: Buckler           |       |       |     6 |   117 |   222 |    36 ||   381

Table legend: (Time is in decaauts)
 A = Elapsed time spent in this place.
 B = Non-inter-level travel time spent in this place.
 C = Inter-level travel time spent in this place.
 D = Time resting spent in this place.
 E = Time spent auto-exploring this place.
 F = Levels seen in this place.
 G = Mean time per level.
                   A        B        C        D        E       F      G
               +--------+--------+--------+--------+--------+-----+--------+
         Total |   8043 |   7546 |    497 |     84 |   2970 |  23 |  349.7 |
       Dungeon |   4381 |   4230 |    151 |      0 |   2770 |  11 |  398.3 |
        Temple |    123 |    123 |      0 |     84 |     20 |   1 |  123.0 |
          Lair |   1707 |   1593 |    114 |      0 |    175 |   5 |  341.4 |
         Swamp |    924 |    900 |     24 |      0 |      3 |   4 |  231.0 |
  Orcish Mines |    906 |    699 |    207 |      0 |      2 |   2 |  453.0 |
               +--------+--------+--------+--------+--------+-----+--------+

Top non-repeatable levels by time:
     D:8: 801 daAuts
   Orc:2: 718 daAuts
 Swamp:4: 712 daAuts
     D:9: 610 daAuts
     D:3: 519 daAuts
  Lair:5: 501 daAuts
     D:4: 481 daAuts
     D:7: 381 daAuts
     D:2: 370 daAuts
     D:1: 369 daAuts
  Lair:1: 367 daAuts
  Lair:3: 365 daAuts
  Lair:4: 356 daAuts
     D:5: 321 daAuts
    D:10: 292 daAuts
